Unix NetHack Version 5.0.0-0 post-release - last build May 31 2026 23:59:36 (970b52f25bf058293b47ddfd14a1e40e571c508c,branch:main).

Game began 2026-06-03 17:49:53, ended 2026-06-03 18:06:24.

JesusFcknChrist, lawful male human Archeologist

 --------
 |......|                             #
 |..%...-#                         ---|------      ------------
 ||.....|##     --------           |........|      |..........|
 ---.---- ###   |......|           |........|      |..........-##
    #       #  #.......|         ##-........|  ####-..........| #####
    #       ## #|......|         # |........|  #   |.%........|    #
    #      #####|......|   ---   # ----|----- ##   ---.--------  ###
    #      # #  ------|-# --.-- ##     #      #       #          #
    #      #          ###--...--#      #      #       #          #
 ---.----  #         ## #-....<-#      #      #       #          #
 |.......###            #--...--       #  #####       #          #
 |......|                 --.--        #  #           #          #
 |.......                  ---     ----|- #           #          #
 |.....(|                          |..%.-##         --|----------#
 ------.-                          |....|           |...........|#   @----
       #                           |....|           |.....^......#   @...|
                                   |....|           |...........|     |..|
                                   -|----           -------------     ----
                                    #
JesusFcknChrist the Field Worker  St:13 Dx:10 Co:11 In:14 Wi:13 Ch:9  Lawful
Dlvl:3  $:0  HP:0(27) Pw:20(20) AC:7  Xp:4 T:1546 

Latest messages:
 You kill the iguana!
 The goblin hits!
 You kill the goblin!
 D - a scroll of enchant weapon.
 Something is written here in the dust.
 You read: "a?".
 You lash the acid blob!
 You kill the acid blob!
 You find a hidden passage.
 You materialize in a different location!
 You see here 365 gold pieces.
 You are beginning to feel hungry.
 What do you want to eat? [dq or ?*] ?
 This food really hits the spot!
 You finish eating the food ration.
 $ - 365 gold pieces (416 in total).
 You see here 304 gold pieces.
 $ - 304 gold pieces (720 in total).
 You see here 330 gold pieces.
 $ - 330 gold pieces (1050 in total).
 You see here 625 gold pieces.
 $ - 625 gold pieces (1675 in total).
 You hear bubbling water.
 Suddenly one of the Vault's guards enters!
 "Hello stranger, who are you?" - Adventurer
 "I don't know you."
 "Most likely all your gold was stolen from this vault."
 "Please drop that gold and follow me."
 You stop.  The guard doesn't want to swap places.
 You stop.  The guard doesn't want to swap places.
 You stop.  The guard doesn't want to swap places.
 What do you want to drop? [$a-hjmnqrtuyzA-D or ?*] ~
 You don't have that object.
 What do you want to drop? [$a-hjmnqrtuyzA-D or ?*] $
 You drop 1675 gold pieces.
 You see here 1675 gold pieces.
 You see here 1675 gold pieces.
 $ - 1675 gold pieces.
 "Drop all your gold, scoundrel!"
 "So be it, rogue!"
 The guard hits!
 What do you want to drop? [$a-hjmnqrtuyzA-D or ?*] $
 You drop 1675 gold pieces.
 The guard hits!
 You die...
 Do you want your possessions identified? [ynq] (y) y
 Do you want to see your attributes? [ynq] (y) y
 Do you want an account of creatures vanquished? [ynaq] (y) y
 Do you want to see your conduct and achievements? [ynq] (y) y
 Do you want to see the dungeon overview? [ynq] (y) y

Inventory:
 Weapons  (')')
  C - 11 +0 elven arrows
  a - a blessed +4 bullwhip (weapon in right hand)
 Armor    ('[')
  c - an uncursed greased burnt +0 fedora
  r - an uncursed +2 orcish helm (being worn)
  b - an uncursed burnt +0 leather jacket (being worn)
 Comestibles  ('%')
  d - 2 uncursed food rations
  q - 4 uncursed food rations
 Scrolls  ('?')
  A - a blessed scroll of enchant armor
  j - an uncursed scroll of enchant armor
  D - an uncursed scroll of enchant weapon
  z - an uncursed scroll of gold detection
 Spellbooks  ('+')
  y - an uncursed spellbook of extra healing
 Potions  ('!')
  B - a cursed potion of gain level
 Tools    ('(')
  h - an empty uncursed sack
  n - a can of grease (0:14)
  e - a +0 pick-axe (alternate weapon; not wielded)
  m - an uncursed tin opener
  f - a tinning kit (0:32)
 Gems/Stones  ('*')
  t - 2 uncursed worthless pieces of red glass
  u - an uncursed luckstone
  g - an uncursed touchstone

JesusFcknChrist the Archeologist's attributes:

Background:
 You were a Field Worker, a level 4 male human Archeologist.
 You were lawful, nominally on a mission for Quetzalcoatl
 who was opposed by Camaxtli (neutral) and Huhetotl (chaotic).
 You were right-handed.
 You were in the Dungeons of Doom, on level 3.
 You entered the dungeon 1546 turns ago.
 You had 111 experience points, 49 more were needed to attain level 5.

Basics:
 You had 0 out of 27 hit points.
 You had all 20 energy points (spell power).
 Your armor class was 7.
 Your wallet was empty.
 Autopickup was off.

Final Characteristics:
 Your strength was 13 (limit:18/100).
 Your dexterity was 10 (limit:18).
 Your constitution was 11 (limit:18).
 Your intelligence was 14 (limit:18).
 Your wisdom was 13 (peak:14, limit:18).
 Your charisma was 9 (limit:18).

Final Status:
 You weren't hungry.
 You were unencumbered.
 You were wielding a whip.
 You had basic skill with whip.

Final Attributes:
 You were devoutly aligned.
 You had automatic searching.
 You were lucky.
 You had extra luck.
 Bad luck did not time out for you.
 Good luck did not time out for you.
 You are dead.

Miscellaneous:
 You didn't encounter any bones levels.
 Total elapsed playing time was 16 minutes and 25 seconds.

Major events:
 Turn
    1: JesusFcknChrist the lawful male human Archeologist entered the dungeon
  762: attained the rank of Field Worker (level 3)
 1546: killed by a guard

Spells:
 Name                 Level Category     Fail Retention
 extra healing          3   healing      100%  76%-100%

Skills:
 Fighting Skills
   bare handed combat [Unskilled]
   two weapon combat  [Unskilled]
   riding             [Unskilled]
 Weapon Skills
   dagger             [Unskilled]
   knife              [Unskilled]
   pick-axe           [Basic]
   short sword        [Unskilled]
   saber              [Unskilled]
   club               [Unskilled]
   quarterstaff       [Unskilled]
   sling              [Unskilled]
   dart               [Unskilled]
   boomerang          [Unskilled]
   whip               [Basic]
   unicorn horn       [Unskilled]
 Spellcasting Skills
   attack spells      [Unskilled]
   healing spells     [Unskilled]
   divination spells  [Unskilled]
   matter spells      [Unskilled]

Voluntary challenges:
 Character rerolling was not enabled.
 You followed a strict vegan diet.
 You were an atheist.
 You never genocided any monsters.
 You never polymorphed an object.
 You never changed form.
 You used no wishes.
Achievement:
 You attained the rank of Field Worker.

 The Dungeons of Doom: levels 1 to 3
    Level 1:
    Level 2:
    Level 3: <- You were here.
       A grave.
       Final resting place for
          you, killed by a guard.


Vanquished creatures:
  a little dog
  a homunculus
  a kobold leader
  3 iguanas
  2 acid blobs
  a hobbit
  a yellow mold
  2 green molds
  6 geckos
  3 jackals
  2 goblins
  4 grid bugs
  4 lichens
  a newt
32 creatures vanquished.

No species were genocided or became extinct.

Game over:
                       ----------
                      /          \
                     /    REST    \
                    /      IN      \
                   /     PEACE      \
                  /                  \
                  | JesusFcknChrist  |
                  |       0 Au       |
                  |   killed by a    |
                  |      guard       |
                  |                  |
                  |                  |
                  |       2026       |
                 *|     *  *  *      | *
        _________)/\\_//(\/(/\)/\//\/|_)_______

Goodbye JesusFcknChrist the Archeologist...

You died in The Dungeons of Doom on dungeon level 3 with 564 points,
and 0 pieces of gold, after 1546 moves.
You were level 4 with a maximum of 27 hit points when you died.

